Map: Port Aleksander LE

Players

goblin - Winner!

  • Race: Protoss Protoss
  • Spawn Location: 11:00

PtitDrogo

  • Race: Protoss Protoss
  • Spawn Location: 5:00

Event: 2019 WCS Spring

VOD

Have the link to the VOD?

Description

Time

  • Played on: May 18, 2019, 1:59 p.m.
  • Length: 5:58

All games in this series

Show
View Real Time Build Order
Export as new Build Order

goblin Protoss - Winner!

Build Orders:  

Get SALT Encoding   

  12  0:00  Probe  
  13  0:12  Probe  
  14  0:18  Pylon  
  14  0:24  Probe  
  15  0:32  Probe  
  15  0:38  Gateway  
  15  0:40  Probe  
  16  0:48  Assimilator  
  17  0:51  Probe  
  17  0:56  Assimilator  
  18  0:59  Probe  
  19  1:08  Probe  
  19  1:09  Gateway  
  19  1:18  Probe  
  21  1:26  Cybernetics Core  
  21  1:30  Probe  
  22  1:37  Pylon  
  22  1:42  Probe  
  23  1:48  Pylon  
  24  2:04  Warp Gate  
  24  2:05  Adept x2  
  27  2:15  Robotics Facility  
  27  2:36  Stalker x2  
  31  2:43  Gateway  
  31  2:50  Immortal  
  35  3:11  Pylon  
  35  3:19  Stalker  
  37  3:21  Warp Prism  
  39  3:46  Pylon  
  39  3:55  Sentry x2  
  43  3:57  Observer  
  43  3:58  Stalker  
  46  4:09  Immortal  
  46  4:23  Adept  
  46  4:24  Adept  
  54  4:28  Pylon  
  54  4:48  Stalker x2  
  52  5:04  Adept  
  54  5:11  Adept x2  
  54  5:33  Adept x2  
Show
View Real Time Build Order
Export as new Build Order

PtitDrogo Protoss 

Build Orders:  

Get SALT Encoding   

  12  0:00  Probe  
  13  0:12  Probe  
  14  0:18  Pylon  
  14  0:24  Probe  
  15  0:32  Probe  
  15  0:40  Probe, Gateway  
  16  0:46  Assimilator  
  17  0:51  Probe  
  17  0:55  Assimilator  
  18  0:59  Probe  
  19  1:08  Probe  
  19  1:16  Gateway  
  19  1:17  Probe  
  21  1:27  Cybernetics Core  
  21  1:29  Probe  
  22  1:35  Pylon  
  22  1:41  Probe  
  23  1:48  Warp Gate  
  23  1:53  Probe  
  24  2:04  Stalker, Sentry  
  28  2:09  Probe  
  28  2:11  Pylon  
  29  2:22  Probe  
  30  2:30  Pylon  
  30  2:32  Stalker  
  30  2:34  Stalker  
  34  2:54  Nexus  
  33  3:03  Sentry  
  35  3:06  Robotics Facility  
  35  3:13  Stalker  
  37  3:30  Shield Battery x2  
  37  3:31  Pylon  
  37  3:38  Sentry  
  39  3:51  Stalker  
  39  3:53  Shield Battery  
  39  3:55  Immortal  
  45  4:09  Stalker  
  47  4:21  Stalker  
  49  4:30  Warp Prism  
  51  4:47  Stalker x2  
  55  5:06  Observer  
  56  5:08  Gateway  
  56  5:10  Pylon  
  56  5:11  Stalker  
  58  5:14  Stalker  
  40  5:37  Stalker x2  
Tags
 
Add a new tag
Caveats
  • Supply blocks, unpowered buildings, or Contaminate may cause inaccurate times.
  • Supply counts are checked every 10 seconds.